 Dungeon Crawl Stone Soup version 0.23-a0-78-gc252fe1 (webtiles) character file.

49199 Amnesiac the Prestidigitator (level 14, -4/108 HPs)
             Began as a Mummy Air Elementalist on Aug 10, 2018.
             Was an Initiate of Gozag.
             Shot with an arrow by a deep elf archer (17 damage)
             ... on level 2 of the Elven Halls.
             The game lasted 00:45:08 (27582 turns).

Amnesiac the Prestidigitator (MuAE)                Turns: 27582, Time: 00:45:09

Health: -4/108     AC: 10    Str:  9    XL:     14   Next: 15%
Magic:  0/35       EV: 17    Int: 26    God:    Gozag
Gold:   3828       SH:  5    Dex: 12    Spells: 22/29 levels left

rFire    . . .     SeeInvis +   a - +9 staff of Olgreb {rPois}
rCold    + + .     Gourm    .   j - +0 buckler
rNeg     + + +     Faith    .   D - +2 robe {Archmagi}
rPois    ∞         Spirit   +   G - +3 crown of Dyrovepreva {rElec Int+2 SInv}
rElec    +         Reflect  .   c - +2 cloak {rPois}
rCorr    .         Harm     .   (no gloves)
MR       +....                  (no boots)
Stlth    ++........             t - amulet of guardian spirit
HPRegen  0.28/turn              x - ring "Foduig" {rF+ rC+ rN+ Str-2 Int+4}
MPRegen  0.24/turn              d - ring of magical power

@: radiating poison
A: no food or potions, fire vulnerability, cold resistance 1, negative energy
resistance 3, torment resistance, unbreathing, in touch with death 1
a: Potion Petition, Call Merchant, Bribe Branch, Renounce Religion


You were on level 2 of the Elven Halls.
You worshipped Gozag.
Gozag was most pleased with you.
You were not hungry.

You visited 4 branches of the dungeon, and saw 16 of its levels.

You collected 4534 gold pieces.
You spent 621 gold pieces at shops.
You paid 85 gold pieces to Gozag.

Inventory:

Hand Weapons
 a - the +9 staff of Olgreb (weapon) {rPois}
   (You found it on level 9 of the Dungeon)

   It protects you from poison.
Armour
 c - a +2 cloak of poison resistance (worn)
 j - a +0 buckler (worn)
 w - a +2 robe of resistance
 D - a +2 robe of the Archmagi (worn)
 G - the +3 crown of Dyrovepreva (worn) {rElec Int+2 SInv}
   (You bought it in a shop on level 11 of the Dungeon)

   It affects your intelligence (+2).
   It insulates you from electricity.
   It lets you see invisible.
Jewellery
 d - a ring of magical power (right hand)
 t - an amulet of guardian spirit (around neck)
 x - the ring "Foduig" (left hand) {rF+ rC+ rN+ Str-2 Int+4}
   (You took it off a deep elf mage on level 9 of the Dungeon)

   [ring of intelligence]

   It affects your strength (-2).
   It affects your intelligence (+4).
   It protects you from fire.
   It protects you from cold.
   It protects you from negative energy.
 z - the ring "Hihaz" {+Fly rC+ Int-5 Stlth+}
   (You found it on level 9 of the Dungeon)

   [ring of stealth]

   It affects your intelligence (-5).
   It protects you from cold.
   It lets you fly.
   It makes you more stealthy.
Wands
 e - a wand of paralysis (17)
 g - a wand of enslavement (15)
 m - a wand of iceblast (10)
 s - a wand of random effects (39)
 v - a wand of acid (2)
 F - a wand of clouds (7)
Scrolls
 f - a scroll of amnesia {!r}
 h - 3 scrolls of teleportation {!r}
 k - 4 scrolls of remove curse {!r}
 l - 2 scrolls of fog {!r}
 o - a scroll of vulnerability {!r}
 p - 3 scrolls of blinking {!r}
 q - 2 scrolls of magic mapping {!r}
 u - a scroll of summoning {!r}
 B - 2 scrolls of enchant weapon {!r}
 C - a scroll of enchant armour {!r}
 E - a scroll of identify {!r}
Miscellaneous
 b - a crystal ball of energy
 y - a box of beasts


   Skills:
 - Level 9.0 Fighting
 - Level 9.0 Dodging
 - Level 1.5 Stealth
 - Level 4.0 Shields
 - Level 8.0 Spellcasting
 - Level 0.7 Conjurations
 - Level 8.0 Air Magic
 + Level 14.1 Evocations


You had 22 spell levels left.
You knew the following spells:

 Your Spells              Type           Power        Failure   Level  Hunger
a - Airstrike             Air            ######....   1%          4    N/A
d - Shock                 Conj/Air       ####         1%          1    N/A
z - Swiftness             Chrm/Air       #####...     1%          2    N/A

Your spell library contained the following spells:

 Spells                   Type           Power        Failure   Level  Hunger
 Magic Dart               Conj           ###.         4%          1    N/A
 Bolt of Cold             Conj/Ice       ###.......   100%        6    N/A
 Lightning Bolt           Conj/Air       #####.....   26%         5    N/A
 Freezing Cloud           Conj/Ice/Air   #####.....   95%         6    N/A
 Iskenderun's Mystic Bla  Conj           ###.....     38%         4    N/A
 Ozocubu's Refrigeration  Ice            ###.......   100%        6    N/A
 Ice Form                 Ice/Tmut       ###.....     50%         4    N/A
 Metabolic Englaciation   Hex/Ice        ###.......   83%         5    N/A
 Static Discharge         Conj/Air       #####...     2%          3    N/A
 Simulacrum               Ice/Necr       ###.......   100%        6    N/A
 Fulminant Prism          Conj/Hex       ###.......   43%         4    N/A
 Dazzling Spray           Conj/Hex       ###...       14%         3    N/A
 Force Lance              Conj/Tloc      ###.....     43%         4    N/A
 Searing Ray              Conj           ###...       6%          2    N/A

Dungeon Overview and Level Annotations

Branches:
Dungeon (11/15)            Temple (1/1) D:4            Lair (0/6) D:9
    Orc (2/2) D:11            Elf (2/3) Orc:2

Altars:
Ashenzari
Cheibriados
Dithmenos
Elyvilon
Fedhas
Gozag
Hepliaklqana
Kikubaaqudgha
Makhleb
Nemelex Xobeh
Okawaru
Qazlal
Ru
Sif Muna
Trog
Uskayaw
Vehumet
Wu Jian
Xom
Yredelemnul
Zin
The Shining One

Shops:
D:9 =   D:11 [   Orc:2 :*=[(

Annotations:
D:9 dig/passwall, 1 runed door


Innate Abilities, Weirdness & Mutations

You do not eat or drink.
Your flesh is vulnerable to fire.
You are immune to poison.
Your flesh is cold resistant. (rC+)
You are immune to negative energy. (rN+++)
You are immune to unholy pain and torment.
You can survive without breathing.
You are in touch with the powers of death.


Message History

The deep elf mage casts a spell.
The deep elf mage blinks!
The deep elf mage casts a spell.
The deep elf mage blinks!
The deep elf mage mumbles some strange words.
Your Evocations skill increases to level 14!
You feel a bit more experienced.
The deep elf mage casts a spell.
A battlesphere comes into view.
You feel a bit more experienced.
The deep elf mage mumbles some strange words.
The deep elf mage gestures wildly while chanting.
The deep elf mage is distracted by the nearby gold.
The earth elemental disappears in a puff of smoke!
The deep elf mage casts a spell.
The deep elf mage blinks!
The deep elf mage casts a spell at you.
The bolt of cold hits the ice beast.
The ice beast completely resists.
The bolt of cold hits you! You resist.
You hear a shout!
The deep elf archer looks more healthy.
Casting: Airstrike (safe; 1% risk of failure)
Confirm with . or Enter, or press ? or * to list all spells.
Aiming: Airstrike (safe; 1% risk of failure)
Press: ? - help, Dir - move target cursor, f - deep elf archer
Aim: a deep elf archer, wielding a shortbow and wearing a leather armour (severely wounded, repelling missiles)
You feel a surge of power!
The air twists around and strikes the deep elf archer!
The deep elf archer is almost dead.
The deep elf mage looks more healthy.
The ice beast disappears in a puff of smoke! x2
You feel a bit more experienced.
The deep elf archer shoots an arrow.
The arrow hits you but does no damage.
You see here an arrow.
The deep elf archer shoots an arrow.
The arrow misses you.
The deep elf mage gestures at you while chanting.
The shard of ice hits you! You partially resist.
* * * LOW HITPOINT WARNING * * *
You see here an arrow.
The deep elf mage casts a spell at you. The bolt of cold hits you! You resist.
* * * LOW HITPOINT WARNING * * *
The deep elf mage mumbles some strange words.
The deep elf mage blinks!
The deep elf mage casts a spell at you. The shard of ice misses you.
You begin to radiate toxic energy.
Aiming: Venom Bolt
Press: ? - help, Shift-Dir - straight line, f - deep elf mage, p - deep elf archer
Aim: a deep elf mage, wielding a long sword and wearing a ring mail (heavily wounded)
The bolt of poison hits the deep elf mage.
The deep elf mage is poisoned.
You kill the deep elf mage!
The deep elf archer is poisoned.
The deep elf archer shoots an arrow.
The arrow hits you!
* * * LOW HITPOINT WARNING * * *
There is a stone staircase leading up here.
Evoke which item? (* to show all) (? for menu, Esc to quit)
Okay, then.
Okay, then.
The deep elf archer looks even sicker.
The deep elf archer shoots an arrow.
The arrow hits you!!
You die...
Your body crumbles into a pile of gold.

########################
.......@......e.........
.....)...(.$............
........<..)......§((...
..######################
.


You could see a deep elf archer.

Vanquished Creatures
  An orc warlord (Orc:2)
  Erolcha (D:9)
  A hydra (D:10)
  3 two-headed ogres
  An ogre mage (D:9)
  3 orc high priests (Orc:2)
  4 deep elf knights
  2 deep trolls (Orc:2)
  10 deep elf archers
  4 orc knights
  An ugly thing (D:11)
  A manticore (D:9)
  21 deep elf magi
  10 orc sorcerers
  Maurice (D:9)
  Joseph (D:9)
  A komodo dragon (D:11)
  A freezing wraith (D:9)
  5 trolls
  A hornet (D:11)
  Grinder (D:4)
  2 hippogriffs
  Sigmund (D:4)
  A wraith (D:11)
  2 wyverns
  2 air elementals (Elf:1)
  3 fire elementals (Elf:1)
  A water elemental (Elf:1)
  A hungry ghost (D:9)
  A steam dragon (D:10)
  Eustachio (D:6)
  A vampire mosquito (D:9)
  Edmund (D:6)
  4 soldier ants (D:9)
  4 wargs
  A water moccasin (D:9)
  30 orc warriors
  3 sky beasts
  3 ice beasts
  9 ogres
  2 necrophages
  2 black bears
  2 phantoms
  6 centaurs
  7 bullfrogs
  2 big kobolds
  2 earth elementals
  A water moccasin zombie (D:6)
  16 killer bees
  6 howler monkeys
  3 crimson imps
  A bullfrog zombie (D:10)
  5 jellies
  2 hounds
  A quasit (D:8)
  3 bullfrog skeletons
  2 centaur skeletons
  23 orc priests
  Jessica (D:3)
  4 iguanas
  31 orc wizards
  13 worker ants
  2 hound skeletons
  Robin (D:4)
  8 gnolls
  A howler monkey skeleton (D:9)
  16 adders
  8 oozes
  An adder zombie (D:5)
  3 adder skeletons
  4 worms
  2 dart slugs
  2 leopard geckos
  86 orcs
  2 ball pythons (D:4)
  4 giant cockroaches
  13 goblins
  7 hobgoblins
  10 jackals
  5 quokkas
  8 bats
  A frilled lizard (D:2)
  A giant cockroach zombie (D:4)
  15 kobolds
  A leopard gecko zombie (D:6)
  12 rats
493 creatures vanquished.

Vanquished Creatures (others)
  6 dancing weapons (Elf:1)
  An orc wizard (Orc:2)
7 creatures vanquished.

Grand Total: 500 creatures vanquished

Notes
Turn   | Place    | Note
-------+----------+-------------------------------------------
     0 | D:1      | Amnesiac the Mummy Air Elementalist began the quest for the Orb.
     0 | D:1      | Reached XP level 1. HP: 13/13 MP: 4/4
   166 | D:5      | Entered Level 5 of the Dungeon
   208 | D:4      | Reached XP level 2. HP: 19/19 MP: 1/5
   237 | D:4      | Learned a level 2 spell: Swiftness
   363 | D:4      | Noticed Robin
   373 | D:4      | Killed Robin
   373 | D:4      | Reached XP level 3. HP: 11/24 MP: 0/7
   557 | D:4      | Noticed Sigmund
   585 | D:3      | Noticed Jessica
   603 | D:3      | Killed Jessica
   616 | D:3      | Reached XP level 4. HP: 24/30 MP: 3/9
   651 | D:3      | Learned a level 4 spell: Airstrike
  1037 | D:4      | Killed Sigmund
  1037 | D:4      | Reached XP level 5. HP: 6/35 MP: 1/12
  1265 | D:4      | Found a staircase to the Ecumenical Temple.
  1290 | Temple   | Entered the Ecumenical Temple
  1655 | D:4      | Reached XP level 6. HP: 41/41 MP: 11/13
  1679 | D:4      | Reached skill level 5 in Air Magic
  1710 | D:4      | Reached skill level 5 in Spellcasting
  3038 | Temple   | Became a worshipper of Gozag Ym Sagoz the Greedy
  3186 | D:3      | Reached skill level 1 in Shields
  3936 | D:2      | Reached XP level 7. HP: 30/46 MP: 8/15
  4045 | D:2      | Found a blossoming altar of Fedhas.
  4657 | D:4      | Noticed Grinder
  4679 | D:4      | Paralysed by Grinder for 2 turns
  4698 | D:4      | Killed Grinder
  4764 | D:4      | Found an iron altar of Okawaru.
  5327 | D:5      | Reached XP level 8. HP: 33/52 MP: 1/17
  6525 | D:5      | Found a deep blue altar of Sif Muna.
  7180 | D:6      | Reached XP level 9. HP: 45/57 MP: 11/20
  7351 | D:6      | Noticed Edmund
  7361 | D:6      | Killed Edmund
  7567 | D:6      | Reached skill level 1 in Fighting
  7651 | D:6      | Found a white marble altar of Elyvilon.
  7666 | D:6      | Noticed Eustachio
  7671 | D:6      | Killed Eustachio
  8064 | D:6      | Found a shattered altar of Ashenzari.
  8216 | D:6      | Found a white marble altar of Elyvilon.
  8794 | D:7      | Found a bloodstained altar of Trog.
  8837 | D:7      | Found a sacrificial altar of Ru.
  9127 | D:7      | Found an iron altar of Okawaru.
  9128 | D:7      | Found a radiant altar of Vehumet.
  9217 | D:7      | Got a heavily runed ring mail
  9234 | D:7      | Identified the +3 ring mail of Ceinnemp {*Corrode rElec Slay+3} (You found it on level 7 of the Dungeon)
 10054 | D:8      | Reached skill level 5 in Dodging
 10449 | D:8      | Found a basalt altar of Yredelemnul.
 10469 | D:8      | Reached XP level 10. HP: 72/72 MP: 3/22
 11130 | D:9      | Noticed Erolcha
 11148 | D:9      | Killed Erolcha
 11148 | D:9      | Reached skill level 5 in Fighting
 11430 | D:9      | Found a staircase to the Lair.
 11554 | D:9      | Found Laotur's Jewellery Boutique.
 11708 | D:9      | Noticed a hand axe
 11708 | D:9      | Noticed a hand axe
 11709 | D:9      | Found a hide-covered altar of Uskayaw.
 11799 | D:9      | Found the +9 staff of Olgreb {rPois}
 11806 | D:9      | Found a runed gate.
 11807 | D:9      | Found a runed door.
 11818 | D:9      | Found a runed gate.
 11818 | D:9      | Found a runed gate.
 11820 | D:9      | Noticed Maurice
 11826 | D:9      | Found a runed door.
 11921 | D:9      | Noticed Joseph
 11935 | D:9      | Killed Joseph
 12360 | D:9      | Noticed a manticore
 12367 | D:9      | Killed a manticore
 12653 | D:9      | Noticed an ogre mage
 12668 | D:9      | Killed an ogre mage
 12795 | D:9      | Noticed a deep elf mage
 12978 | D:9      | Killed a deep elf mage
 12978 | D:9      | Reached XP level 11. HP: 77/83 MP: 11/23
 13045 | D:9      | Got a slimy silver ring
 13070 | D:9      | Got a heavily runed bronze ring
 13072 | D:9      | Identified the ring "Foduig" {rF+ rC+ rN+ Str-2 Int+4} (You took it off a deep elf mage on level 9 of the Dungeon)
 13075 | D:9      | Identified the ring "Hihaz" {+Fly rC+ Int-5 Stlth+} (You found it on level 9 of the Dungeon)
 13211 | D:9      | Killed Maurice
 13557 | D:10     | Entered Level 10 of the Dungeon
 14033 | D:10     | Noticed a two-headed ogre
 14041 | D:10     | Killed a two-headed ogre
 14758 | D:11     | Found Jureide's Armour Shoppe.
 14761 | D:11     | Bought the +3 crown of Dyrovepreva {rElec Int+2 SInv} for 621 gold pieces
 14761 | D:11     | Found the +3 crown of Dyrovepreva {rElec Int+2 SInv}
 14983 | D:11     | Reached skill level 1 in Evocations
 15287 | D:11     | Reached skill level 2 in Evocations
 15699 | D:11     | Found a staircase to the Orcish Mines.
 15721 | D:11     | Reached skill level 3 in Evocations
 15800 | D:11     | Noticed a six-headed hydra
 16522 | D:10     | Killed a six-headed hydra
 16562 | D:11     | Reached skill level 4 in Evocations
 16728 | D:11     | Noticed a brown ugly thing
 16793 | D:11     | Killed a brown ugly thing
 16801 | D:11     | Reached skill level 5 in Evocations
 18183 | Orc:1    | Entered Level 1 of the Orcish Mines
 18194 | Orc:1    | Noticed an orc sorcerer
 18196 | Orc:1    | Reached skill level 6 in Evocations
 18196 | Orc:1    | Reached XP level 12. HP: 65/95 MP: 6/24
 18269 | Orc:1    | Noticed a two-headed ogre
 18623 | Orc:1    | Killed a two-headed ogre
 18623 | Orc:1    | Reached skill level 7 in Evocations
 18934 | Orc:2    | Entered Level 2 of the Orcish Mines
 19191 | Orc:2    | Found a staircase to the Elven Halls.
 19596 | Orc:2    | Found Wather's Jewellery Emporium.
 19614 | Orc:2    | Reached skill level 8 in Evocations
 19631 | Orc:2    | Noticed an orc high priest
 19822 | Orc:2    | Killed an orc high priest
 19986 | Orc:2    | Noticed an orc high priest
 20260 | Orc:1    | Reached skill level 9 in Evocations
 20360 | Orc:2    | Killed an orc high priest
 20976 | Orc:2    | Noticed an orc high priest
 20980 | Orc:2    | Killed an orc high priest
 20984 | Orc:2    | Reached skill level 10 in Evocations
 21140 | Orc:2    | Noticed an orc warlord
 21312 | Orc:2    | Killed an orc warlord
 21937 | Orc:2    | Gained mutation: You are in touch with the powers of death. [Mummy growth]
 21937 | Orc:2    | Reached XP level 13. HP: 94/101 MP: 19/25
 22108 | Orc:2    | Found Qaasihod's General Store.
 22114 | Orc:2    | Found Ysam Neth's Antique Armour Boutique.
 22114 | Orc:2    | Found Jeasip's Antique Weapon Boutique.
 22116 | Orc:2    | Found Mylish's Book Shop.
 22371 | Orc:2    | Reached skill level 11 in Evocations
 23241 | Elf:1    | Entered Level 1 of the Elven Halls
 23415 | Orc:2    | HP: 3/101 [earth elemental (35)]
 24022 | Elf:1    | Reached skill level 12 in Evocations
 25726 | Elf:1    | Reached skill level 13 in Evocations
 25762 | Elf:1    | Got a translucent hand axe {antimagic}
 25866 | Elf:1    | Identified the +5 hand axe "Qecoul" {antimagic, Int+6} (You took it off a deep elf mage on level 1 of the Elven Halls)
 26984 | Elf:1    | Reached XP level 14. HP: 68/108 MP: 9/26
 27547 | Elf:2    | Reached skill level 14 in Evocations
 27582 | Elf:2    | Shot with an arrow by a deep elf archer

Vault maps used:
D:1:      scummos_arrival_simple_crosswalls, minmay_misc_feat_nine_boxes,
          minmay_crystal_room
D:2:      lemuel_coloured_pillars_altar
D:3:      first_ration, uniq_jessica
D:4:      minmay_temple_entry_statues_fountains, hangedman_decor_opposing,
          okawaru_trees_1, uniq_sigmund, uniq_robin, uniq_grinder
D:5:      tgw_sif, hangedman_abyss_or_decor_passed
D:6:      kennysheep_mini, elyvilon_altar_1, uniq_eustachio, uniq_edmund
D:7:      grunt_temple_overflow_open, lemuel_crystal_altar
D:8:      yredelemnul_altar_generic, hangedman_little_slice_of_home
D:9:      minmay_sliced_demisemicircle, dancing_weapons_uskayaw,
          dpeg_oklobed_lair, serial_shops, shop,
          minmay_guarded_unrand_staff_of_olgreb, uniq_maurice, uniq_joseph,
          uniq_erolcha
D:11:     david_orc_2, serial_shops, nicolae_shop_behind_doors
Temple:   minmay_temple_forest_path
Orc:2:    st_orc_congregation, serial_shops, shop, guppyfry_orc_lava_fort
Elf:1:    minmay_elf_arrival_plus, evilmike_minifort
Elf:2:    serial_shops, shop, minivault_27

Skill      XL: |  1  2  3  4  5  6  7  8  9 10 11 12 13 14 |
---------------+-------------------------------------------+-----
Air Magic      | 3 4 5 6 7 8 |  8.0
Spellcasting   | 3 4 5 6 7 8 |  8.0
Shields        | 1 2 3 4 |  4.0
Dodging        | 5 8 9 |  9.0
Fighting       | 4 6 9 |  9.0
Evocations     | 6 10 13 14 | 14.1
Stealth        | |  1.5
Conjurations   | |  0.7

Action                   |  1- 3 |  4- 6 |  7- 9 | 10-12 | 13-15 || total
-------------------------+-------+-------+-------+-------+-------++-------
Melee: Unarmed           |     3 |       |       |       |       ||     3
       War axe           |    15 |    64 |       |       |       ||    79
       Whip              |       |     4 |    79 |       |       ||    83
       Rapier            |       |       |    27 |    23 |       ||    50
       Staff             |       |       |       |    93 |    32 ||   125
 Fire: Hunting sling     |       |       |   133 |    15 |       ||   148
 Cast: Shock             |    33 |    76 |    72 |    24 |       ||   205
       Airstrike         |       |     2 |   142 |   326 |   175 ||   645
       Swiftness         |       |     1 |       |       |       ||     1
Invok: Potion Petition   |       |       |       |       |     1 ||     1
 Abil: Evoke Flight      |       |       |       |       |     2 ||     2
Evoke: Wand              |       |       |     5 |    17 |     1 ||    23
       Staff of Olgreb   |       |       |       |    73 |    24 ||    97
  Use: Scroll            |     2 |       |     5 |     6 |     3 ||    16
 Stab: Distracted        |       |       |       |     1 |       ||     1
Armor: Robe              |    15 |    32 |    15 |    27 |    11 ||   100
       Ring mail         |       |       |    29 |       |       ||    29
       Leather armour    |       |       |       |     4 |       ||     4
Dodge: Dodged            |    29 |    90 |   112 |   161 |    59 ||   451
Block: Buckler           |       |     1 |    48 |    50 |    20 ||   119

Table legend:
 A = Non-vault XP
 B = Vault XP
 C = Vault XP percentage of total XP
 D = Non-vault monster count
 E = Vault monster count
 F = Vault count percentage of total count
 G = Total turns spent on level
                 A         B        C        D         E       F
            +---------+---------+-------+---------+---------+-------
      Total |   38327 |   31958 |  45.5 |     351 |     149 |  29.8
            +---------+---------+-------+---------+---------+-------
        D:1 |      35 |       0 |   0.0 |      17 |       0 |   0.0
        D:2 |     108 |       0 |   0.0 |      27 |       0 |   0.0
        D:3 |     108 |      39 |  26.5 |      20 |       2 |   9.1
        D:4 |     446 |     531 |  54.4 |      18 |      11 |  37.9
        D:5 |     929 |       0 |   0.0 |      36 |       0 |   0.0
        D:6 |    1282 |     366 |  22.2 |      44 |       2 |   4.3
        D:7 |     658 |       0 |   0.0 |      10 |       0 |   0.0
        D:8 |    1036 |     165 |  13.7 |      19 |       8 |  29.6
        D:9 |     892 |    6297 |  87.6 |      20 |      31 |  60.8
       D:10 |    3086 |     130 |   4.0 |      14 |       1 |   6.7
       D:11 |    4860 |     541 |  10.0 |      42 |       7 |  14.3
      Orc:1 |    4900 |     708 |  12.6 |      43 |       2 |   4.4
      Orc:2 |    2766 |   14530 |  84.0 |      12 |      70 |  85.4
      Elf:1 |   12238 |    8651 |  41.4 |      21 |      15 |  41.7
      Elf:2 |    4983 |       0 |   0.0 |       8 |       0 |   0.0
            +---------+---------+-------+---------+---------+-------
